Map: Efflorescence LE

Players

Sheharyar

  • Race: Terran Terran
  • League: Platinum
  • Spawn Location: 3:00

Peter

  • Race: Terran Terran
  • Spawn Location: 12:00

OpuS - Winner!

  • Race: Protoss Protoss
  • League: Platinum
  • Spawn Location: 9:00

Sketchaphone - Winner!

  • Race: Zerg Zerg
  • League: Platinum
  • Spawn Location: 6:00

VOD

Have the link to the VOD?

Description

Time

  • Played on: Feb. 16, 2019, 10:44 p.m.
  • Length: 14:53
Show
View Real Time Build Order
Export as new Build Order

Sheharyar Terran 

Build Orders: Reaper Expand 

Get SALT Encoding   

  12  0:00  SCV  
  13  0:13  SCV  
  14  0:19  Supply Depot  
  14  0:25  SCV  
  15  0:41  SCV  
  16  0:43  Barracks  
  16  0:48  Refinery  
  16  0:53  SCV  
  17  1:05  SCV  
  18  1:19  SCV  
  19  1:33  Orbital Command  
  19  1:35  Reaper  
  20  1:47  Command Center  
  20  2:02  Barracks  
  20  2:08  SCV  
  21  2:10  Refinery  
  21  2:11  Barracks Reactor  
  21  2:20  SCV  
  22  2:32  SCV  
  22  2:35  Supply Depot  
  23  2:38  Factory  
  23  2:53  Barracks Tech Lab  
  23  2:56  Marine x2, SCV  
  26  3:05  Orbital Command  
  26  3:09  SCV  
  27  3:20  Marine x3  
  27  3:24  Stimpack  
  30  3:28  SCV  
  31  3:34  Factory Reactor  
  31  3:39  Starport  
  31  3:40  SCV  
  32  3:41  Marine  
  32  3:43  Marine  
  32  3:46  SCV  
  35  3:53  SCV  
  35  3:54  Marine  
  37  4:02  Marine x2, SCV  
  39  4:08  SCV  
  39  4:09  Supply Depot  
  41  4:12  Marine  
  41  4:14  SCV  
  43  4:20  Marine  
  43  4:21  SCV  
  43  4:22  Marine  
  46  4:31  Medivac x2, SCV  
  51  4:32  Supply Depot  
  51  4:33  Marine  
  51  4:35  SCV  
  51  4:36  Factory Tech Lab  
  53  4:41  Marine  
  54  4:54  Marine x2, SCV x2  
  54  4:59  Marine  
  59  5:06  SCV  
  51  5:22  Marine  
  51  5:23  Marine  
  49  5:29  Marine  
  49  5:32  Medivac x2  
  49  5:33  Combat Shield  
  45  5:40  Marine x2  
  45  5:44  Barracks, Orbital Command  
  45  5:45  Barracks  
  45  5:47  Marine  
  44  5:58  Marine x2  
  44  6:08  Marine  
  45  6:13  Factory Tech Lab  
  45  6:19  SCV  
  45  6:25  Marine x2  
  47  6:27  Marauder  
  47  6:30  SCV  
  51  6:43  Marine  
  45  6:52  Liberator x2  
  38  6:59  Marine  
  38  7:00  Marine  
  38  7:01  Marine  
  35  7:03  Orbital Command  
  40  7:17  Marine x2  
  40  7:18  Marine  
  43  7:25  Barracks Reactor  
  41  7:39  Marine x2  
  41  7:41  SCV  
  41  7:42  SCV  
  45  7:47  Marine x2  
  47  7:54  SCV x2  
  47  7:57  Marine x2  
  51  8:11  Marine x4  
  55  8:13  SCV  
  55  8:14  Marine, SCV  
  55  8:15  Marine  
  59  8:28  Marine  
  59  8:29  Marine x2  
  62  8:38  Supply Depot  
  62  8:41  Supply Depot  
  62  8:53  Marine x4  
  62  8:54  Siege Tank, SCV  
  61  9:02  Marine  
  61  9:03  Marine  
  61  9:04  Medivac  
  61  9:05  Medivac  
  67  9:11  Marine x4, SCV  
  67  9:13  SCV  
  73  9:20  Marine x2  
  75  9:30  Marauder  
  51  10:16  Supply Depot  
  51  10:18  Supply Depot  
  48  10:31  Barracks  
  48  10:35  Barracks, Supply Depot  
  48  10:37  Supply Depot  
  48  10:38  Marine x3, Siege Tank  
  43  10:56  Marine x3  
  45  11:03  Orbital Command  
  45  11:04  Command Center  
  45  11:13  Marine  
  45  11:14  Marauder  
  49  11:30  Marine  
  45  11:35  Marine  
  46  11:42  Barracks  
  46  11:43  Siege Tank  
  46  11:46  Barracks  
  49  11:47  Barracks  
  49  11:48  Marine  
  49  11:53  Marine  
  46  12:06  Marine  
  47  12:10  Marine  
  48  12:16  SCV  
  48  12:17  SCV  
  34  12:24  Marine  
  34  12:28  Marine, SCV  
  34  12:29  SCV  
  38  12:33  Marine  
  36  12:41  Marine  
  36  12:42  Marine  
  34  12:51  Marine  
  29  12:54  Command Center  
  26  12:59  Marine  
  16  13:12  Marine  
Show
View Real Time Build Order
Export as new Build Order

Peter Terran 

Build Orders: Reaper Expand 

Get SALT Encoding   

  12  0:01  SCV  
  13  0:13  SCV  
  14  0:19  Supply Depot  
  14  0:28  SCV  
  15  0:41  SCV  
  15  0:42  Barracks  
  16  0:48  Refinery  
  16  0:53  SCV  
  17  1:10  SCV  
  18  1:22  SCV  
  19  1:32  Reaper  
  20  1:34  Orbital Command  
  20  1:50  Command Center  
  20  2:03  Marine, Supply Depot  
  21  2:17  SCV  
  21  2:21  Marine  
  23  2:23  Barracks  
  23  2:29  SCV  
  24  2:43  Bunker  
  24  2:46  SCV  
  24  2:47  Marine  
  27  2:58  SCV  
  27  3:03  Orbital Command  
  27  3:11  Barracks Tech Lab  
  27  3:12  Marine  
  27  3:18  SCV  
  28  3:28  SCV  
  28  3:30  Marine  
  28  3:33  Refinery  
  30  3:35  SCV  
  30  3:37  Stimpack  
  30  3:41  Factory  
  31  3:42  Engineering Bay, SCV  
  31  3:44  Marine  
  31  3:47  SCV  
  34  3:50  Barracks Reactor  
  34  3:54  SCV  
  35  3:59  SCV  
  36  4:06  SCV  
  36  4:09  Missile Turret  
  37  4:11  Missile Turret, SCV  
  37  4:14  Marine  
  39  4:19  SCV  
  39  4:24  SCV  
  41  4:26  Starport, Factory Reactor  
  41  4:28  Marine x2  
  41  4:31  SCV  
  44  4:32  Marine  
  44  4:34  Terran Infantry Weapons Level 1  
  44  4:36  SCV  
  46  4:40  Refinery  
  46  4:41  Refinery  
  46  4:51  Marine x3, Supply Depot, SCV x2  
  51  4:53  Supply Depot  
  51  5:12  Factory Tech Lab  
  51  5:13  Medivac x2  
  51  5:29  Marauder, Marine x2  
  51  5:30  SCV x2  
  57  5:37  Combat Shield  
  57  5:46  Marine  
  49  5:51  Marauder  
  49  5:52  Marine  
  48  6:01  Medivac  
  48  6:03  Siege Tank  
  51  6:07  SCV  
  50  6:12  Marauder  
  50  6:16  Liberator  
  51  6:23  SCV  
  52  6:28  Orbital Command  
  52  6:30  Marine  
  52  6:31  Marine  
  53  6:33  Marauder  
  53  6:35  SCV  
  59  6:47  Engineering Bay  
  59  6:50  Marine x2  
  61  6:54  Marine  
  61  6:56  Siege Tank  
  65  7:02  SCV  
  65  7:03  SCV  
  66  7:27  SCV  
  67  7:37  Orbital Command  
  67  7:38  Siege Tank  
  67  7:40  Command Center  
  67  7:42  Refinery  
  70  7:44  Refinery  
  70  7:52  Supply Depot x2  
  70  7:53  Supply Depot  
  70  7:57  Armory  
  70  8:13  Medivac, Marine x3  
  70  8:17  SCV  
  74  8:25  Viking  
  74  8:26  SCV  
  77  8:31  Marine x2  
  79  8:43  Viking  
  81  8:49  Marauder  
  81  8:53  Marine, SCV x2  
  81  8:54  Marine  
  87  8:56  Terran Infantry Weapons Level 2  
  87  8:58  Orbital Command  
  87  9:05  SCV x2  
  89  9:10  Terran Ship Weapons Level 1  
  89  9:11  Marauder  
  89  9:13  Viking  
  93  9:17  SCV x2  
  93  9:19  Marine  
  93  9:20  Marine  
  97  9:29  SCV x2  
  98  9:37  Marine x2  
  95  9:38  Medivac  
  95  9:41  SCV  
  98  9:48  SCV  
  98  9:50  Marine  
  100  9:53  SCV  
  100  9:55  Marauder, Marine, Viking  
  98  10:00  SCV  
  99  10:09  Medivac, Marine  
  99  10:11  Concussive Shells  
  102  10:14  Barracks  
  102  10:17  Marauder  
  102  10:20  Barracks  
  102  10:34  Medivac  
  104  10:43  SCV x2  
  104  10:44  Marine  
  104  10:45  Marauder  
  109  11:06  Liberator  
  109  11:18  Supply Depot  
  109  11:19  Supply Depot  
  109  11:20  Supply Depot x2  
  109  11:21  Supply Depot  
  109  11:22  Medivac, Marine, SCV  
  109  11:23  Siege Tank  
  109  11:25  Terran Infantry Weapons Level 3, Terran Infantry Armor Level 1  
  105  11:38  Orbital Command  
  103  11:48  Marine  
  103  11:49  Marauder  
  103  11:51  Barracks Tech Lab  
  103  11:52  Viking  
  103  11:53  Barracks Reactor, Marine  
  109  11:55  Siege Tank  
  112  12:05  SCV  
  112  12:06  Marine, Viking  
  112  12:08  SCV x2  
  117  12:09  Marauder  
  117  12:10  Marine  
  117  12:11  Marine  
  71  12:46  Marine  
  71  12:47  Marauder x2, Marine, Viking x2  
  80  12:57  Siege Tank  
  82  13:04  Marine  
  81  13:06  Marine  
  81  13:08  Marauder x2  
  83  13:16  Bunker  
  83  13:17  Bunker  
  71  13:21  Viking x2  
  71  13:22  Marine  
  71  13:25  Marine  
  70  13:29  Marauder, Marine  
  64  13:36  Orbital Command  
  64  13:39  SCV  
  47  13:48  Marauder  
  46  13:57  SCV  
  47  14:05  SCV  
  42  14:17  SCV  
  43  14:29  SCV  
Show
View Real Time Build Order
Export as new Build Order

OpuS Protoss - Winner!

Build Orders:  

Get SALT Encoding   

  12  0:00  Probe  
  13  0:13  Probe  
  14  0:18  Pylon  
  14  0:25  Probe  
  15  0:37  Probe  
  15  0:41  Gateway  
  16  0:46  Probe  
  17  0:54  Probe  
  17  0:57  Assimilator  
  17  1:00  Assimilator  
  17  1:03  Probe  
  19  1:15  Gateway  
  19  1:17  Probe  
  19  1:25  Probe  
  20  1:31  Cybernetics Core  
  21  1:37  Pylon  
  21  1:40  Probe  
  22  2:13  Nexus  
  22  2:14  Warp Gate  
  21  2:17  Stalker  
  23  2:25  Probe  
  24  2:38  Robotics Facility  
  24  2:42  Stalker  
  24  2:53  Stalker  
  24  2:58  Probe  
  27  3:06  Pylon  
  27  3:10  Probe  
  28  3:15  Stalker  
  30  3:21  Immortal  
  35  3:34  Probe  
  35  3:37  Probe  
  36  3:47  Gateway  
  38  3:59  Probe  
  38  4:00  Probe  
  38  4:06  Sentry x2  
  42  4:11  Probe  
  42  4:12  Probe  
  44  4:23  Pylon  
  44  4:24  Probe x2  
  46  4:48  Nexus, Robotics Bay  
  46  4:50  Probe x2  
  48  5:22  Probe x2  
  48  5:27  Stalker x3  
  56  5:32  Gateway  
  56  5:34  Gateway  
  56  5:35  Probe x2  
  58  5:36  Gateway  
  56  5:57  Probe x2  
  56  6:02  Pylon  
  56  6:03  Pylon  
  54  6:06  Pylon  
  54  6:09  Probe  
  54  6:10  Colossus  
  51  6:19  Probe  
  51  6:21  Probe  
  51  6:24  Extended Thermal Lance  
  59  6:27  Gateway  
  59  6:31  Probe, Assimilator  
  60  6:33  Probe  
  60  6:34  Pylon  
  60  6:35  Assimilator  
  60  6:38  Probe  
  62  6:49  Adept x4  
  62  6:53  Probe x2  
  62  6:54  Probe  
  73  6:56  Colossus  
  79  7:10  Gateway  
  73  7:27  Stalker  
  73  7:28  Stalker x4  
  83  7:40  Pylon  
  83  7:41  Twilight Council  
  83  7:45  Probe x2  
  83  7:46  Probe  
  86  7:51  Pylon  
  86  7:58  Forge  
  86  7:59  Forge  
  86  8:02  Forge  
  86  8:10  Zealot  
  86  8:11  Zealot x3  
  91  8:28  Charge  
  91  8:32  Probe x2  
  91  8:33  Probe  
  94  8:35  Zealot x5  
  104  8:44  Probe x2  
  104  8:48  Protoss Ground Weapons Level 1, Protoss Ground Armor Level 1  
  106  8:49  Protoss Shields Level 1  
  106  8:52  Templar Archives  
  106  9:00  Stalker x2  
  110  9:04  Probe x3  
  110  9:07  Assimilator  
  113  9:12  Assimilator  
  113  9:28  Robotics Bay  
  87  9:51  Stalker x4  
  87  9:52  Stalker x4  
  93  10:03  Gateway  
  93  10:04  Gateway  
  93  10:06  Gateway  
  93  10:07  Probe x3  
  93  10:10  Pylon  
  93  10:12  Pylon  
  93  10:13  Gateway  
  95  10:14  Pylon  
  95  10:15  Stalker  
  95  10:19  Stalker, Probe  
  90  10:28  Colossus  
  96  10:37  Psionic Storm  
  96  10:57  Zealot x4  
  96  10:58  Zealot x2  
  96  11:00  Zealot  
  110  11:12  High Templar x2  
  110  11:13  High Templar x3  
  120  11:25  Zealot x4  
  124  11:26  Zealot  
  128  11:37  Stalker  
  130  11:48  Colossus  
  130  11:50  Blink  
  130  11:53  Nexus  
  106  12:30  Protoss Ground Weapons Level 2  
  106  12:31  Protoss Ground Armor Level 2  
  106  12:35  Zealot x3  
  106  12:36  Zealot x5  
  106  12:37  Zealot x4  
  106  12:57  Pylon  
  100  12:59  Assimilator  
  100  13:03  Assimilator  
  100  13:19  High Templar x6  
  112  13:20  High Templar  
  112  13:22  Zealot  
  112  13:23  Zealot x4  
  112  13:25  Archon x2  
  112  13:26  Archon  
  118  13:32  Probe x4  
  116  13:43  High Templar  
  118  13:49  Gateway  
  118  13:51  Gateway  
  118  13:53  Gateway  
  118  13:54  Probe x2  
  121  13:55  Probe, Gateway  
  121  13:56  Probe  
  122  14:07  High Templar x2, Archon  
  122  14:09  High Templar x2  
  130  14:10  Zealot x2  
  130  14:12  Archon  
  130  14:13  Archon  
  130  14:15  Probe x3  
  130  14:16  Probe  
  138  14:28  Probe x3  
  138  14:29  Probe  
  138  14:39  Pylon  
  138  14:40  Probe x3  
  138  14:42  Pylon  
  138  14:44  Pylon  
  141  14:46  Pylon  
Show
View Real Time Build Order
Export as new Build Order

Sketchaphone Zerg - Winner!

Build Orders: Hatch First 

Get SALT Encoding   

  12  0:01  Drone  
  13  0:13  Overlord  
  13  0:18  Drone  
  14  0:31  Drone x2  
  14  0:34  Drone  
  17  0:56  Hatchery  
  16  0:59  Drone  
  16  1:02  Drone  
  18  1:05  Extractor  
  17  1:19  Spawning Pool  
  17  1:23  Drone  
  17  1:26  Drone  
  17  1:29  Drone  
  19  1:38  Overlord  
  19  1:50  Drone  
  20  2:00  Drone  
  21  2:05  Queen  
  23  2:12  Metabolic Boost  
  23  2:13  Queen  
  23  2:15  Drone  
  26  2:19  Zergling x2  
  26  2:21  Zergling x2  
  28  2:26  Drone  
  29  2:37  Spine Crawler  
  29  2:39  Roach Warren  
  29  2:41  Drone  
  29  2:48  Drone  
  30  2:58  Overlord  
  30  3:01  Drone x2  
  30  3:02  Drone  
  33  3:09  Zergling x2  
  33  3:11  Overlord  
  33  3:21  Roach  
  33  3:22  Roach  
  33  3:24  Overlord  
  33  3:26  Roach  
  39  3:29  Roach  
  39  3:30  Roach  
  43  3:34  Overlord  
  43  3:37  Roach  
  45  3:43  Roach  
  45  3:44  Drone  
  45  3:46  Drone  
  49  3:49  Drone  
  49  3:51  Drone  
  49  3:55  Overlord  
  51  4:00  Roach  
  53  4:06  Roach x2  
  53  4:09  Roach  
  59  4:14  Roach x2  
  63  4:27  Roach  
  65  4:32  Drone x7, Extractor  
  65  4:35  Roach  
  73  4:49  Overlord, Drone x2  
  75  4:58  Overlord  
  75  4:59  Overlord  
  75  5:18  Drone  
  75  5:19  Drone x6  
  78  5:27  Drone  
  79  5:30  Ravager  
  79  5:33  Drone  
  79  5:34  Drone  
  82  5:38  Extractor  
  82  5:40  Hatchery, Extractor  
  82  5:41  Evolution Chamber  
  78  5:43  Evolution Chamber  
  74  6:03  Drone x4  
  78  6:21  Zerg Ground Armor Level 1  
  78  6:23  Lair  
  78  6:24  Pneumatized Carapace  
  78  6:25  Overlord  
  78  6:30  Zerg Missile Weapons Level 1  
  78  6:40  Drone x2  
  78  6:54  Hatchery  
  69  6:55  Queen  
  69  6:56  Overlord  
  67  7:04  Overlord  
  67  7:06  Hatchery  
  62  7:13  Spine Crawler  
  57  7:17  Spine Crawler  
  56  7:28  Burrow  
  56  7:31  Queen, Infestation Pit  
  56  7:35  Spawning Pool  
  56  7:36  Drone x10  
  66  7:37  Extractor x2  
  64  7:46  Drone  
  65  7:52  Hydralisk Den  
  64  8:07  Roach  
  64  8:08  Roach x3  
  102  8:15  Roach x3  
  102  8:18  Roach x2  
  112  8:31  Overlord  
  112  8:45  Nydus Network  
  111  8:49  Queen  
  111  8:53  Overlord, Queen  
  115  9:14  Spire  
  114  9:25  Nydus Canal  
  114  9:26  Overlord x3  
  114  9:27  Overlord  
  114  9:31  Zergling x30  
  124  9:39  Hydralisk x3  
  124  9:50  Nydus Canal  
  123  9:54  Hydralisk x3  
  123  9:59  Drone x2  
  130  10:09  Drone x3  
  130  10:10  Drone x2  
  135  10:17  Queen  
  137  10:23  Nydus Canal  
  137  10:30  Drone x6  
  143  10:44  Hydralisk x4  
  151  10:54  Hydralisk x3  
  157  11:04  Overlord  
  157  11:26  Hydralisk  
  157  11:27  Hydralisk x3  
  157  11:31  Overlord x3  
  165  11:42  Grooved Spines  
  165  11:46  Nydus Canal  
  165  11:56  Roach x12  
  189  12:05  Drone  
  190  12:09  Overlord x2  
  190  12:10  Overlord  
  190  12:15  Zerg Missile Weapons Level 2  
  198  13:05  Glial Reconstitution  
  196  13:15  Hydralisk  
  198  13:35  Zergling x2  
  195  13:51  Spire  
  195  13:53  Zergling x2  
  195  13:54  Zergling x8  
  184  14:36  Nydus Canal  
Tags
 
Add a new tag
Caveats
  • Supply blocks, unpowered buildings, or Contaminate may cause inaccurate times.
  • Supply counts are checked every 10 seconds.